Red Wings vs Kings
Created - 6 novembre 2014 at 23:49
Goals
|
| Red Wings |
0 |
2 |
2 |
4 |
| Kings |
1 |
1 |
0 |
2 |
|
Shots
|
| Red Wings |
8 |
16 |
9 |
33 |
| Kings |
8 |
15 |
6 |
29 |
|
1st period
1. Kings , Viktor Kozlov 3 (Mikkel Boedker, Jonas Hoglund) at 12:19
Penalties :
Mikkel Boedker (LAK) for Hooking (Minor) at 8:48, Brent Burns (LAK) for Hooking (Minor) at 14:08, Lee Stempniak (Det) for Interference (Minor) at 17:54
2nd period
2. Red Wings , Mike Richards 10 (Teemu Selanne) at 0:47
3. Red Wings , Paul Martin 1 (Rick Nash, Jonathan Quick) at 1:21 (PP)
4. Kings , Anze Kopitar 6 (Joe Pavelski) at 4:41
Penalties :
Pernell Karl Subban (LAK) for Hooking (Minor) at 1:02, Sean Bergenheim (Det) for Tripping (Minor) at 14:17
3rd period
5. Red Wings , Shawn Horcoff 4 (Robert Dome, Mike Brown) at 3:31
6. Red Wings , Rick Nash 11 (Jason Spezza, Shea Weber) at 19:22 (Empty Net)
Penalties :
Matt Duchene (LAK) for Hooking (Minor) at 1:04
Goalie Stats
Jonathan Quick (Det), 27 saves from 29 shots - (0,931), W, 9-6-1, 60:00 minutes
Nikolai Khabibulin (LAK), 29 saves from 32 shots - (0,906), L, 2-1-0, 59:50 minutes
Players Stats for Red Wings
Player Name G A P +/- PIM S H SB GA TA FO MP PP MP PK MP
------------------------------------------------------------------------------------
Brian Sutherby 0 0 0 0 0 0 1 0 0 0 1/3 8:40 0:00 0:23
Christian Backman 0 0 0 0 0 2 0 2 0 2 0/0 16:57 0:00 1:46
Christian Laflamme 0 0 0 0 0 1 1 0 2 0 0/0 16:52 0:00 1:46
Jason Spezza 0 1 1 0 0 0 0 0 2 0 14/33 23:28 4:26 2:06
Lee Stempniak 0 0 0 0 2 1 1 0 0 1 0/0 8:36 0:00 0:00
Martin Havlat 0 0 0 -1 0 2 1 0 0 1 2/2 21:12 4:26 0:00
Maxim Kondratiev 0 0 0 0 0 0 1 1 0 1 0/0 15:02 1:56 0:00
Michal Grosek 0 0 0 0 0 0 0 1 1 0 0/0 9:01 0:00 0:41
Mike Brown 0 1 1 1 0 1 1 0 0 0 0/0 10:36 0:00 0:00
Mike Richards 1 0 1 0 0 5 3 2 0 0 7/13 17:01 1:50 1:11
Paul Martin 1 0 1 1 0 1 1 0 0 0 0/0 26:45 4:20 2:12
Richard Jackman 0 0 0 0 0 0 1 1 1 1 0/0 15:54 1:56 0:00
Rick Nash 1 1 2 0 0 6 0 0 1 0 1/1 23:29 4:26 2:06
Robert Dome 0 1 1 1 0 1 0 1 0 1 0/1 11:30 0:00 0:57
Sean Bergenheim 0 0 0 0 2 3 4 0 1 0 2/2 16:16 1:50 0:32
Shawn Horcoff 1 0 1 2 0 5 1 0 0 0 3/6 11:13 0:00 0:00
Shea Weber 0 1 1 1 0 1 0 2 1 3 0/0 27:47 4:20 2:12
Teemu Selanne 0 1 1 0 0 4 0 0 0 0 0/0 15:41 1:50 0:00
Players Stats for Kings
Player Name G A P +/- PIM S H SB GA TA FO MP PP MP PK MP
------------------------------------------------------------------------------------
Anze Kopitar 1 0 1 -1 0 4 0 0 0 0 17/32 20:09 2:35 0:18
Brenden Morrow 0 0 0 -1 0 1 3 1 1 1 1/1 19:20 0:03 2:04
Brent Burns 0 0 0 1 2 2 2 1 2 1 0/0 21:53 2:05 0:00
Brian Pothier 0 0 0 1 0 1 1 3 1 2 0/0 16:39 0:00 4:28
Cory Sarich 0 0 0 0 0 0 0 2 0 0 0/0 12:26 0:00 1:48
Hnat Domenichelli 0 0 0 0 0 1 0 0 1 0 0/0 8:50 0:03 0:21
Joe Pavelski 0 1 1 -1 0 2 1 0 2 0 1/2 19:50 2:35 0:00
Jonas Hoglund 0 1 1 1 0 5 0 0 2 1 0/1 20:55 0:03 3:51
Marc-Édouard Vlasic 0 0 0 1 0 0 0 0 1 0 0/0 5:45 1:53 0:00
Matt Duchene 0 0 0 -1 2 1 0 1 0 0 4/7 15:28 1:20 0:00
Mike Cammalleri 0 0 0 -1 0 2 1 0 0 0 0/0 15:37 1:20 0:24
Mikkel Boedker 0 1 1 1 2 2 1 0 0 0 0/0 12:42 2:35 0:00
Pernell Karl Subban 0 0 0 -3 2 1 0 0 0 1 0/0 19:59 2:05 0:00
Randy Robitaille 0 0 0 0 0 1 1 0 0 1 5/10 12:05 0:00 3:51
Rene Bourque 0 0 0 -1 0 2 0 0 0 0 0/0 15:16 1:20 0:00
Ryan Whitney 0 0 0 -3 0 1 3 2 0 1 0/0 21:19 1:53 1:48
Viktor Kozlov 1 0 1 1 0 1 1 1 0 0 3/8 11:54 0:00 1:43
Zdeno Chara 0 0 0 1 0 2 2 0 0 1 0/0 23:33 0:00 4:28
3 Stars
1 - Shawn Horcoff (Det)
2 - Rick Nash (Det)
3 - Mike Richards (Det)
Power Play
Red Wings - 1 on 4 Attempt(s) - 25,00%
Kings - 0 on 2 Attempt(s) - 0,00%
Penalty Kill
Red Wings - 2 on 2 Attempt(s) - 100,00%
- Score 0 goal in Penalty Kill
Kings - 3 on 4 Attempt(s) - 75,00%
- Score 0 goal in Penalty Kill
Official
Referees : Joannette Marc and VanMassenhoven Don
Linesman : David Brisebois and Jay Sharrers
Game Notes
Rick Nash has scored in a empty net!
Finance
Level 1 -- Attendance: 5710 (95,17%) -- Ticket Income 428 250 $
Level 2 -- Attendance: 4420 (88,40%) -- Ticket Income 221 000 $
Level 3 -- Attendance: 1907 (95,35%) -- Ticket Income 57 210 $
Level 4 -- Attendance: 4000 (100,00%) -- Ticket Income 80 000 $
Luxury Box -- Attendance: 1000 (100,00%) -- Ticket Income 135 000 $
Game was played at the Staples Center
Total Attendance: 17037 (94,65%)
Total Ticket Income: 921 460 $
Other Income: 138 219 $
Total Income: 1 059 679 $
Red Wings
5 vs 5 Forward
Center Left Wing Right Wing Time % Phy DF OF
1 Jason Spezza Rick Nash Martin Havlat 40 1 2 2
2 Mike Richards Sean Bergenheim Teemu Selanne 30 1 2 2
3 Shawn Horcoff Robert Dome Mike Brown 20 1 2 2
4 Brian Sutherby Michal Grosek Lee Stempniak 10 1 2 2
5 vs 5 Defense
Defense Defense Time % Phy DF OF
1 Shea Weber Paul Martin 40 1 2 2
2 Christian Backman Christian Laflamme 30 1 2 2
3 Maxim Kondratiev Richard Jackman 20 1 2 2
4 Richard Jackman Shea Weber 10 1 2 2
PowerPlay Forward
Center Left Wing Right Wing Time % Phy DF OF
1 Jason Spezza Rick Nash Martin Havlat 60 1 2 2
2 Mike Richards Sean Bergenheim Teemu Selanne 40 1 2 2
PowerPlay Defense
Defense Defense Time % Phy DF OF
1 Shea Weber Paul Martin 60 1 2 2
2 Richard Jackman Maxim Kondratiev 40 1 2 2
Penalty Kill 4 Players Forward
Center Wing Time % Phy DF OF
1 Jason Spezza Rick Nash 60 1 2 2
2 Mike Richards Sean Bergenheim 40 1 2 2
Penalty Kill 4 Players Defense
Defense Defense Time % Phy DF OF
1 Shea Weber Paul Martin 60 1 2 2
2 Christian Backman Christian Laflamme 40 1 2 2
Penalty Kill - 3 Players Forward
Forward Time % Phy DF OF
1 Jason Spezza 60 1 2 2
2 Mike Richards 40 1 2 2
Penalty Kill - 3 Players Defense
Defense Defense Time % Phy DF OF
1 Shea Weber Paul Martin 60 1 2 2
2 Christian Backman Christian Laflamme 40 1 2 2
4 vs 4 Forward
Center Wing Time % Phy DF OF
1 Jason Spezza Rick Nash 60 1 2 2
2 Mike Richards Teemu Selanne 40 1 2 2
4 vs 4 Defense
Defense Defense Time % Phy DF OF
1 Shea Weber Paul Martin 60 1 2 2
2 Richard Jackman Maxim Kondratiev 40 1 2 2
Last Minutes Offensive
Center Left Wing Right Wing Defense Defense
Jason Spezza Rick Nash Martin Havlat Shea Weber Paul Martin
Last Minutes Defensive
Center Left Wing Right Wing Defense Defense
Jason Spezza Rick Nash Martin Havlat Shea Weber Paul Martin
Goaltenders
Starting : Jonathan Quick
Backup : Scott Clemmensen
Extra Forwards
Normal : Shawn Horcoff, Sean Bergenheim, Teemu Selanne - PP : Shawn Horcoff, Teemu Selanne - PK : Robert Dome
Extra Defensemen
Normal : Maxim Kondratiev, Christian Backman, Richard Jackman - PP : Maxim Kondratiev - PK : Christian Laflamme, Richard Jackman
Penalty Shots
Jason Spezza, Rick Nash, Mike Richards, Martin Havlat, Sean Bergenheim
Kings
5 vs 5 Forward
Center Left Wing Right Wing Time % Phy DF OF
1 Anze Kopitar Brenden Morrow Joe Pavelski 40 0 1 4
2 Matt Duchene Mike Cammalleri Rene Bourque 30 0 2 3
3 Viktor Kozlov Mikkel Boedker Jonas Hoglund 25 1 2 2
4 Randy Robitaille Hnat Domenichelli Jonas Hoglund 5 1 4 0
5 vs 5 Defense
Defense Defense Time % Phy DF OF
1 Zdeno Chara Brent Burns 40 0 3 2
2 Pernell Karl Subban Ryan Whitney 35 0 3 2
3 Cory Sarich Brian Pothier 20 0 3 2
4 Marc-Édouard Vlasic Brian Pothier 5 0 3 2
PowerPlay Forward
Center Left Wing Right Wing Time % Phy DF OF
1 Anze Kopitar Mikkel Boedker Joe Pavelski 60 0 1 4
2 Matt Duchene Mike Cammalleri Rene Bourque 40 0 1 4
PowerPlay Defense
Defense Defense Time % Phy DF OF
1 Pernell Karl Subban Brent Burns 60 0 2 3
2 Marc-Édouard Vlasic Ryan Whitney 40 0 2 3
Penalty Kill 4 Players Forward
Center Wing Time % Phy DF OF
1 Randy Robitaille Jonas Hoglund 60 0 4 1
2 Viktor Kozlov Brenden Morrow 40 0 3 2
Penalty Kill 4 Players Defense
Defense Defense Time % Phy DF OF
1 Brian Pothier Zdeno Chara 60 1 4 0
2 Ryan Whitney Cory Sarich 40 1 4 0
Penalty Kill - 3 Players Forward
Forward Time % Phy DF OF
1 Randy Robitaille 60 0 4 1
2 Anze Kopitar 40 0 4 1
Penalty Kill - 3 Players Defense
Defense Defense Time % Phy DF OF
1 Brian Pothier Zdeno Chara 60 1 4 0
2 Ryan Whitney Cory Sarich 40 1 4 0
4 vs 4 Forward
Center Wing Time % Phy DF OF
1 Anze Kopitar Brenden Morrow 60 1 2 2
2 Matt Duchene Joe Pavelski 40 1 2 2
4 vs 4 Defense
Defense Defense Time % Phy DF OF
1 Zdeno Chara Ryan Whitney 60 1 2 2
2 Pernell Karl Subban Brent Burns 40 1 2 2
Last Minutes Offensive
Center Left Wing Right Wing Defense Defense
Anze Kopitar Brenden Morrow Joe Pavelski Ryan Whitney Brent Burns
Last Minutes Defensive
Center Left Wing Right Wing Defense Defense
Anze Kopitar Mike Cammalleri Jonas Hoglund Ryan Whitney Brent Burns
Goaltenders
Starting : Nikolai Khabibulin
Backup : Ondrej Pavelec
Extra Forwards
Normal : Anze Kopitar, Brenden Morrow, Joe Pavelski - PP : Brenden Morrow, Hnat Domenichelli - PK : Mike Cammalleri
Extra Defensemen
Normal : Ryan Whitney, Brent Burns, Pernell Karl Subban - PP : Zdeno Chara - PK : Brent Burns, Pernell Karl Subban
Penalty Shots
Anze Kopitar, Joe Pavelski, Mikkel Boedker, Mike Cammalleri, Rene Bourque
% Time on Ice - Red Wings
Lines # - Real PCT - Wanted PCT - Time Play
Normal Forward
1 - 33% - 40% - 16:16
2 - 33% - 30% - 16:04
3 - 20% - 20% - 9:51
4 - 14% - 10% - 7:04
Normal Defense
1 - 40% - 40% - 19:30
2 - 34% - 30% - 16:41
3 - 23% - 20% - 11:28
4 - 3% - 10% - 1:36
PP Forward
1 - 71% - 60% - 4:26
2 - 29% - 40% - 1:50
PP Defense
1 - 69% - 60% - 4:20
2 - 31% - 40% - 1:56
PK Forward
1 - 70% - 60% - 2:47
2 - 30% - 40% - 1:11
PK Defense
1 - 55% - 60% - 2:12
2 - 45% - 40% - 1:46
PK3 Forward
1 - 0% - 60%
2 - 0% - 40%
PK3 Defense
1 - 0% - 60%
2 - 0% - 40%
44 Forward
1 - 0% - 60%
2 - 0% - 40%
44 Defense
1 - 0% - 60%
2 - 0% - 40%
Last Minute Offensive - 0:00
Last Minute Defensive - 0:31
Total
Forward - 60:00
Defense - 60:00
|
% Time on Ice - Kings
Lines # - Real PCT - Wanted PCT - Time Play
Normal Forward
1 - 35% - 40% - 17:14
2 - 34% - 30% - 17:03
3 - 17% - 25% - 8:21
4 - 14% - 5% - 6:49
Normal Defense
1 - 41% - 40% - 20:03
2 - 36% - 35% - 17:39
3 - 19% - 20% - 9:11
4 - 5% - 5% - 2:34
PP Forward
1 - 66% - 60% - 2:38
2 - 34% - 40% - 1:20
PP Defense
1 - 53% - 60% - 2:05
2 - 47% - 40% - 1:53
PK Forward
1 - 73% - 60% - 4:33
2 - 27% - 40% - 1:43
PK Defense
1 - 71% - 60% - 4:28
2 - 29% - 40% - 1:48
PK3 Forward
1 - 0% - 60%
2 - 0% - 40%
PK3 Defense
1 - 0% - 60%
2 - 0% - 40%
44 Forward
1 - 0% - 60%
2 - 0% - 40%
44 Defense
1 - 0% - 60%
2 - 0% - 40%
Last Minute Offensive - 0:19
Last Minute Defensive - 0:00
Total
Forward - 60:00
Defense - 60:00
|
Play by Play
1st period
0:01 of 1st period - Jason Spezza wins face-off versus Anze Kopitar in neutral zone.
0:26 of 1st period - Shea Weber is hit by Mike Cammalleri and loses puck.
1:26 of 1st period - Snap shot by Rick Nash.
1:26 of 1st period - Stopped by Nikolai Khabibulin with a rebound.
2:01 of 1st period - Snap shot by Shawn Horcoff.
2:01 of 1st period - Stopped by Nikolai Khabibulin with a rebound.
2:03 of 1st period - Snap shot by Richard Jackman.
2:03 of 1st period - Shot Misses the Net.
2:05 of 1st period - Snap shot by Maxim Kondratiev.
2:05 of 1st period - Shot Misses the Net.
3:00 of 1st period - Icing by Brian Sutherby.
3:01 of 1st period - Anze Kopitar wins face-off versus Jason Spezza in Red Wings zone.
3:28 of 1st period - Icing by Teemu Selanne.
3:29 of 1st period - Mike Richards wins face-off versus Matt Duchene in Red Wings zone.
3:34 of 1st period - Wrist shot by Mike Richards.
3:34 of 1st period - Shot Misses the Net.
3:54 of 1st period - Mike Richards is hit by Zdeno Chara and loses puck.
4:47 of 1st period - Snap shot by Rene Bourque.
4:47 of 1st period - Stopped by Jonathan Quick with a rebound.
4:49 of 1st period - Backhand shot by Mike Cammalleri.
4:49 of 1st period - Stopped by Jonathan Quick without a rebound.
4:50 of 1st period - Anze Kopitar wins face-off versus Jason Spezza in Red Wings zone.
5:15 of 1st period - Jonas Hoglund is hit by Mike Brown and loses puck.
5:22 of 1st period - Wrist shot by Viktor Kozlov.
5:22 of 1st period - Shot Misses the Net.
5:24 of 1st period - Slapshot by Zdeno Chara.
5:24 of 1st period - Deflect By Jonas Hoglund.
5:24 of 1st period - Shot Misses the Net.
5:24 of 1st period - Puck is out of play.
5:25 of 1st period - Shawn Horcoff wins face-off versus Anze Kopitar in Red Wings zone.
6:12 of 1st period - Hnat Domenichelli is hit by Brian Sutherby and loses puck.
7:06 of 1st period - Maxim Kondratiev is hit by Ryan Whitney and loses puck.
7:25 of 1st period - Slapshot by Anze Kopitar.
7:25 of 1st period - Deflect By Shea Weber.
7:25 of 1st period - Shot Misses the Net.
7:25 of 1st period - Puck is out of play.
7:26 of 1st period - Mike Richards wins face-off versus Anze Kopitar in Red Wings zone.
7:53 of 1st period - Snap shot by Rick Nash.
7:53 of 1st period - Shot Blocked by Matt Duchene.
7:55 of 1st period - Slapshot by Christian Backman.
7:55 of 1st period - Stopped by Nikolai Khabibulin with a rebound.
8:09 of 1st period - Snap shot by Jonas Hoglund.
8:09 of 1st period - Shot Misses the Net.
8:33 of 1st period - Wrist shot by Michal Grosek.
8:33 of 1st period - Shot Misses the Net.
8:35 of 1st period - Slapshot by Christian Laflamme.
8:35 of 1st period - Stopped by Nikolai Khabibulin without a rebound.
8:36 of 1st period - Rick Nash wins face-off versus Viktor Kozlov in Kings zone.
8:39 of 1st period - Slapshot by Rick Nash.
8:39 of 1st period - Stopped by Nikolai Khabibulin with a rebound.
8:48 of 1st period - Minor Penalty to Mikkel Boedker for Hooking.
8:49 of 1st period - Randy Robitaille wins face-off versus Jason Spezza in Kings zone.
9:02 of 1st period - Slapshot by Brian Pothier.
9:02 of 1st period - Shot Misses the Net.
9:14 of 1st period - Zdeno Chara is hit by Mike Richards.
10:38 of 1st period - Icing by Martin Havlat.
10:39 of 1st period - Jason Spezza wins face-off versus Anze Kopitar in Red Wings zone.
10:48 of 1st period - Penalty to Mikkel Boedker is over, Mikkel Boedker is back on ice.
11:14 of 1st period - Ryan Whitney is hit by Mike Richards and loses puck.
11:35 of 1st period - Wrist shot by Rene Bourque.
11:35 of 1st period - Shot Blocked by Shea Weber.
11:37 of 1st period - Slapshot by Mike Cammalleri.
11:37 of 1st period - Shot Misses the Net.
11:39 of 1st period - Slapshot by Brian Pothier.
11:39 of 1st period - Stopped by Jonathan Quick with a rebound.
11:53 of 1st period - Snap shot by Joe Pavelski.
11:53 of 1st period - Shot Misses the Net.
12:19 of 1st period - Wrist shot by Viktor Kozlov.
12:19 of 1st period - Goal by Viktor Kozlov - Red Wings : 0 - Kings : 1.
12:20 of 1st period - Anze Kopitar wins face-off versus Jason Spezza in neutral zone.
12:47 of 1st period - Icing by Mike Richards.
12:48 of 1st period - Sean Bergenheim wins face-off versus Viktor Kozlov in Red Wings zone.
13:13 of 1st period - Rick Nash is hit by Joe Pavelski and loses puck.
13:39 of 1st period - Wrist shot by Mike Cammalleri.
13:39 of 1st period - Stopped by Jonathan Quick with a rebound.
13:41 of 1st period - Slapshot by Pernell Karl Subban.
13:41 of 1st period - Stopped by Jonathan Quick without a rebound.
13:42 of 1st period - Matt Duchene wins face-off versus Robert Dome in Red Wings zone.
13:49 of 1st period - Snap shot by Rene Bourque.
13:49 of 1st period - Stopped by Jonathan Quick without a rebound.
13:50 of 1st period - Jason Spezza wins face-off versus Anze Kopitar in Red Wings zone.
14:08 of 1st period - Minor Penalty to Brent Burns for Hooking.
14:09 of 1st period - Martin Havlat wins face-off versus Jonas Hoglund in Kings zone.
14:39 of 1st period - Wrist shot by Mike Richards.
14:39 of 1st period - Shot Blocked by Viktor Kozlov.
14:41 of 1st period - Wrist shot by Sean Bergenheim.
14:41 of 1st period - Shot Misses the Net.
14:43 of 1st period - Slapshot by Shea Weber.
14:43 of 1st period - Stopped by Nikolai Khabibulin without a rebound.
14:44 of 1st period - Viktor Kozlov wins face-off versus Mike Richards in Kings zone.
14:54 of 1st period - Icing by Maxim Kondratiev.
14:55 of 1st period - Sean Bergenheim wins face-off versus Randy Robitaille in Red Wings zone.
14:59 of 1st period - Off-side.
15:00 of 1st period - Jason Spezza wins face-off versus Randy Robitaille in neutral zone.
15:55 of 1st period - Maxim Kondratiev is hit by Zdeno Chara and loses puck.
16:08 of 1st period - Penalty to Brent Burns is over, Brent Burns is back on ice.
16:36 of 1st period - Maxim Kondratiev is hit by Brenden Morrow and loses puck.
16:57 of 1st period - Wrist shot by Teemu Selanne.
16:57 of 1st period - Shot Blocked by Brent Burns.
17:46 of 1st period - Snap shot by Lee Stempniak.
17:46 of 1st period - Stopped by Nikolai Khabibulin without a rebound.
17:47 of 1st period - Randy Robitaille wins face-off versus Brian Sutherby in Kings zone.
17:47 of 1st period - Randy Robitaille is hit by Christian Laflamme.
17:54 of 1st period - Minor Penalty to Lee Stempniak for Interference.
17:55 of 1st period - Jason Spezza wins face-off versus Anze Kopitar in Red Wings zone.
18:29 of 1st period - Snap shot by Rene Bourque.
18:29 of 1st period - Shot Hit the Post.
18:44 of 1st period - Snap shot by Sean Bergenheim.
18:44 of 1st period - Stopped by Nikolai Khabibulin without a rebound.
18:45 of 1st period - Jason Spezza wins face-off versus Anze Kopitar in Kings zone.
18:56 of 1st period - Wrist shot by Joe Pavelski.
18:56 of 1st period - Shot Misses the Net.
19:08 of 1st period - Sean Bergenheim is hit by Brent Burns and loses puck.
19:23 of 1st period - Snap shot by Anze Kopitar.
19:23 of 1st period - Shot Blocked by Michal Grosek.
19:37 of 1st period - Backhand shot by Anze Kopitar.
19:37 of 1st period - Stopped by Jonathan Quick with a rebound.
19:54 of 1st period - Penalty to Lee Stempniak is over, Lee Stempniak is back on ice.
Goals for this period are 0 for Red Wings vs 1 for Kings.
Shots for this period are 8 for Red Wings vs 8 for Kings.
2nd period
0:01 of 2nd period - Brenden Morrow wins face-off versus Jason Spezza in neutral zone.
0:31 of 2nd period - Slapshot by Mike Richards.
0:31 of 2nd period - Stopped by Nikolai Khabibulin with a rebound.
0:33 of 2nd period - Wrist shot by Sean Bergenheim.
0:33 of 2nd period - Stopped by Nikolai Khabibulin without a rebound.
0:34 of 2nd period - Mike Richards wins face-off versus Anze Kopitar in Kings zone.
0:41 of 2nd period - Wrist shot by Teemu Selanne.
0:41 of 2nd period - Stopped by Nikolai Khabibulin without a rebound.
0:42 of 2nd period - Mike Richards wins face-off versus Anze Kopitar in Kings zone.
0:43 of 2nd period - Wrist shot by Teemu Selanne.
0:43 of 2nd period - Stopped by Nikolai Khabibulin with a rebound.
0:45 of 2nd period - Slapshot by Teemu Selanne.
0:45 of 2nd period - Shot Blocked by Ryan Whitney.
0:47 of 2nd period - Wrist shot by Mike Richards.
0:47 of 2nd period - Goal by Mike Richards - Red Wings : 1 - Kings : 1.
0:48 of 2nd period - Jason Spezza wins face-off versus Anze Kopitar in neutral zone.
0:53 of 2nd period - Wrist shot by Martin Havlat.
0:53 of 2nd period - Shot Misses the Net.
0:55 of 2nd period - Snap shot by Martin Havlat.
0:55 of 2nd period - Shot Misses the Net.
0:57 of 2nd period - Slapshot by Paul Martin.
0:57 of 2nd period - Shot Misses the Net.
0:59 of 2nd period - Slapshot by Shea Weber.
0:59 of 2nd period - Deflect By Martin Havlat.
0:59 of 2nd period - Deflect By Joe Pavelski.
0:59 of 2nd period - Shot Misses the Net.
0:59 of 2nd period - Puck is out of play.
1:00 of 2nd period - Anze Kopitar wins face-off versus Jason Spezza in Kings zone.
1:02 of 2nd period - Minor Penalty to Pernell Karl Subban for Hooking.
1:03 of 2nd period - Martin Havlat wins face-off versus Randy Robitaille in Kings zone.
1:05 of 2nd period - Wrist shot by Jason Spezza.
1:05 of 2nd period - Shot Misses the Net.
1:07 of 2nd period - Slapshot by Martin Havlat.
1:07 of 2nd period - Stopped by Nikolai Khabibulin without a rebound.
1:08 of 2nd period - Jason Spezza wins face-off versus Randy Robitaille in Kings zone.
1:21 of 2nd period - Slapshot by Paul Martin.
1:21 of 2nd period - Goal by Paul Martin - Red Wings : 2 - Kings : 1.
1:22 of 2nd period - Anze Kopitar wins face-off versus Jason Spezza in neutral zone.
1:27 of 2nd period - Martin Havlat is hit by Ryan Whitney.
1:31 of 2nd period - Wrist shot by Anze Kopitar.
1:31 of 2nd period - Shot Misses the Net.
2:33 of 2nd period - Wrist shot by Brenden Morrow.
2:33 of 2nd period - Shot Misses the Net.
2:51 of 2nd period - Off-side.
2:52 of 2nd period - Brian Sutherby wins face-off versus Anze Kopitar in neutral zone.
3:50 of 2nd period - Wrist shot by Rick Nash.
3:50 of 2nd period - Stopped by Nikolai Khabibulin without a rebound.
3:51 of 2nd period - Anze Kopitar wins face-off versus Jason Spezza in Kings zone.
4:16 of 2nd period - Jonas Hoglund is hit by Sean Bergenheim and loses puck.
4:25 of 2nd period - Wrist shot by Mikkel Boedker.
4:25 of 2nd period - Stopped by Jonathan Quick without a rebound.
4:26 of 2nd period - Anze Kopitar wins face-off versus Jason Spezza in Red Wings zone.
4:37 of 2nd period - Off-side.
4:38 of 2nd period - Anze Kopitar wins face-off versus Jason Spezza in neutral zone.
4:41 of 2nd period - Snap shot by Anze Kopitar.
4:41 of 2nd period - Goal by Anze Kopitar - Red Wings : 2 - Kings : 2.
4:42 of 2nd period - Anze Kopitar wins face-off versus Jason Spezza in neutral zone.
4:47 of 2nd period - Wrist shot by Brenden Morrow.
4:47 of 2nd period - Shot Misses the Net.
4:49 of 2nd period - Backhand shot by Brent Burns.
4:49 of 2nd period - Stopped by Jonathan Quick with a rebound.
4:51 of 2nd period - Snap shot by Joe Pavelski.
4:51 of 2nd period - Stopped by Jonathan Quick with a rebound.
4:53 of 2nd period - Slapshot by Zdeno Chara.
4:53 of 2nd period - Shot Misses the Net.
4:55 of 2nd period - Slapshot by Brent Burns.
4:55 of 2nd period - Shot Misses the Net.
4:57 of 2nd period - Slapshot by Brenden Morrow.
4:57 of 2nd period - Stopped by Jonathan Quick with a rebound.
5:17 of 2nd period - Wrist shot by Rick Nash.
5:17 of 2nd period - Shot Misses the Net.
5:19 of 2nd period - Snap shot by Rick Nash.
5:19 of 2nd period - Stopped by Nikolai Khabibulin without a rebound.
5:20 of 2nd period - Anze Kopitar wins face-off versus Mike Richards in Kings zone.
5:29 of 2nd period - Slapshot by Anze Kopitar.
5:29 of 2nd period - Stopped by Jonathan Quick without a rebound.
5:30 of 2nd period - Mike Richards wins face-off versus Joe Pavelski in Red Wings zone.
5:30 of 2nd period - Mike Richards is hit by Brenden Morrow.
5:38 of 2nd period - Wrist shot by Teemu Selanne.
5:38 of 2nd period - Stopped by Nikolai Khabibulin with a rebound.
5:44 of 2nd period - Maxim Kondratiev is hit by Brent Burns and loses puck.
5:53 of 2nd period - Snap shot by Anze Kopitar.
5:53 of 2nd period - Stopped by Jonathan Quick without a rebound.
5:54 of 2nd period - Jason Spezza wins face-off versus Viktor Kozlov in Red Wings zone.
5:54 of 2nd period - Jason Spezza is hit by Mikkel Boedker.
6:41 of 2nd period - Teemu Selanne is hit by Brenden Morrow and loses puck.
7:56 of 2nd period - Brian Pothier is hit by Sean Bergenheim and loses puck.
8:46 of 2nd period - Snap shot by Martin Havlat.
8:46 of 2nd period - Shot Misses the Net.
9:10 of 2nd period - Snap shot by Hnat Domenichelli.
9:10 of 2nd period - Stopped by Jonathan Quick without a rebound.
9:11 of 2nd period - Randy Robitaille wins face-off versus Jason Spezza in Red Wings zone.
9:38 of 2nd period - Wrist shot by Joe Pavelski.
9:38 of 2nd period - Shot Blocked by Mike Richards.
9:40 of 2nd period - Wrist shot by Joe Pavelski.
9:40 of 2nd period - Deflect By Anze Kopitar.
9:40 of 2nd period - Shot Misses the Net.
9:40 of 2nd period - Puck is out of play.
9:41 of 2nd period - Joe Pavelski wins face-off versus Mike Richards in Red Wings zone.
10:28 of 2nd period - Zdeno Chara is hit by Lee Stempniak and loses puck.
10:56 of 2nd period - Rene Bourque is hit by Sean Bergenheim and loses puck.
11:06 of 2nd period - Off-side.
11:07 of 2nd period - Jason Spezza wins face-off versus Anze Kopitar in neutral zone.
11:16 of 2nd period - Slapshot by Richard Jackman.
11:16 of 2nd period - Shot Blocked by Brian Pothier.
11:39 of 2nd period - Snap shot by Teemu Selanne.
11:39 of 2nd period - Stopped by Nikolai Khabibulin without a rebound.
11:40 of 2nd period - Jason Spezza wins face-off versus Viktor Kozlov in Kings zone.
11:51 of 2nd period - Snap shot by Martin Havlat.
11:51 of 2nd period - Shot Misses the Net.
11:53 of 2nd period - Slapshot by Martin Havlat.
11:53 of 2nd period - Stopped by Nikolai Khabibulin with a rebound.
11:55 of 2nd period - Snap shot by Jason Spezza.
11:55 of 2nd period - Shot Misses the Net.
12:35 of 2nd period - Snap shot by Shawn Horcoff.
12:35 of 2nd period - Deflect By Robert Dome.
12:35 of 2nd period - Stopped by Nikolai Khabibulin without a rebound.
12:36 of 2nd period - Matt Duchene wins face-off versus Jason Spezza in Kings zone.
13:29 of 2nd period - Slapshot by Mikkel Boedker.
13:29 of 2nd period - Stopped by Jonathan Quick with a rebound.
13:31 of 2nd period - Snap shot by Jonas Hoglund.
13:31 of 2nd period - Stopped by Jonathan Quick without a rebound.
13:32 of 2nd period - Jason Spezza wins face-off versus Matt Duchene in Red Wings zone.
13:45 of 2nd period - Snap shot by Matt Duchene.
13:45 of 2nd period - Shot Misses the Net.
13:47 of 2nd period - Slapshot by Ryan Whitney.
13:47 of 2nd period - Stopped by Jonathan Quick with a rebound.
14:04 of 2nd period - Slapshot by Mike Richards.
14:04 of 2nd period - Deflect By Sean Bergenheim.
14:04 of 2nd period - Shot Misses the Net.
14:04 of 2nd period - Puck is out of play.
14:05 of 2nd period - Viktor Kozlov wins face-off versus Mike Richards in Kings zone.
14:17 of 2nd period - Minor Penalty to Sean Bergenheim for Tripping.
14:18 of 2nd period - Anze Kopitar wins face-off versus Jason Spezza in Red Wings zone.
16:17 of 2nd period - Penalty to Sean Bergenheim is over, Sean Bergenheim is back on ice.
16:28 of 2nd period - Snap shot by Brenden Morrow.
16:28 of 2nd period - Shot Misses the Net.
16:30 of 2nd period - Snap shot by Hnat Domenichelli.
16:30 of 2nd period - Shot Blocked by Maxim Kondratiev.
16:46 of 2nd period - Slapshot by Shawn Horcoff.
16:46 of 2nd period - Stopped by Nikolai Khabibulin with a rebound.
16:55 of 2nd period - Icing by Cory Sarich.
16:56 of 2nd period - Viktor Kozlov wins face-off versus Brian Sutherby in Kings zone.
16:56 of 2nd period - Viktor Kozlov is hit by Maxim Kondratiev.
17:04 of 2nd period - Snap shot by Anze Kopitar.
17:04 of 2nd period - Deflect By Joe Pavelski.
17:04 of 2nd period - Stopped by Jonathan Quick without a rebound.
17:05 of 2nd period - Jason Spezza wins face-off versus Anze Kopitar in Red Wings zone.
17:30 of 2nd period - Randy Robitaille is hit by Mike Richards.
18:37 of 2nd period - Backhand shot by Jonas Hoglund.
18:37 of 2nd period - Stopped by Jonathan Quick with a rebound.
18:39 of 2nd period - Snap shot by Jonas Hoglund.
18:39 of 2nd period - Stopped by Jonathan Quick with a rebound.
18:41 of 2nd period - Slapshot by Jonas Hoglund.
18:41 of 2nd period - Stopped by Jonathan Quick without a rebound.
18:42 of 2nd period - Matt Duchene wins face-off versus Jason Spezza in Red Wings zone.
18:45 of 2nd period - Snap shot by Rene Bourque.
18:45 of 2nd period - Shot Misses the Net.
18:55 of 2nd period - Snap shot by Matt Duchene.
18:55 of 2nd period - Shot Blocked by Richard Jackman.
19:11 of 2nd period - Joe Pavelski is hit by Sean Bergenheim and loses puck.
19:32 of 2nd period - Snap shot by Mike Brown.
19:32 of 2nd period - Shot Misses the Net.
19:36 of 2nd period - Slapshot by Robert Dome.
19:36 of 2nd period - Shot Misses the Net.
19:38 of 2nd period - Backhand shot by Mike Brown.
19:38 of 2nd period - Stopped by Nikolai Khabibulin with a rebound.
19:48 of 2nd period - Wrist shot by Rick Nash.
19:48 of 2nd period - Stopped by Nikolai Khabibulin with a rebound.
19:50 of 2nd period - Wrist shot by Martin Havlat.
19:50 of 2nd period - Shot Misses the Net.
19:52 of 2nd period - Snap shot by Jason Spezza.
19:52 of 2nd period - Shot Misses the Net.
Goals for this period are 2 for Red Wings vs 1 for Kings.
Shots for this period are 16 for Red Wings vs 15 for Kings.
3rd period
0:01 of 3rd period - Anze Kopitar wins face-off versus Jason Spezza in neutral zone.
0:50 of 3rd period - Christian Laflamme is hit by Ryan Whitney and loses puck.
0:59 of 3rd period - Wrist shot by Shawn Horcoff.
0:59 of 3rd period - Stopped by Nikolai Khabibulin with a rebound.
1:04 of 3rd period - Minor Penalty to Matt Duchene for Hooking.
1:05 of 3rd period - Jason Spezza wins face-off versus Randy Robitaille in Kings zone.
1:12 of 3rd period - Snap shot by Rick Nash.
1:12 of 3rd period - Shot Blocked by Brian Pothier.
1:14 of 3rd period - Backhand shot by Shea Weber.
1:14 of 3rd period - Deflect By Martin Havlat.
1:14 of 3rd period - Shot Blocked by Brian Pothier.
1:14 of 3rd period - Puck is out of play.
1:15 of 3rd period - Randy Robitaille wins face-off versus Jason Spezza in Kings zone.
2:21 of 3rd period - Slapshot by Shea Weber.
2:21 of 3rd period - Shot Blocked by Cory Sarich.
2:23 of 3rd period - Slapshot by Jason Spezza.
2:23 of 3rd period - Shot Misses the Net.
2:47 of 3rd period - Wrist shot by Jason Spezza.
2:47 of 3rd period - Shot Misses the Net.
2:57 of 3rd period - Wrist shot by Jason Spezza.
2:57 of 3rd period - Deflect By Martin Havlat.
2:57 of 3rd period - Shot Blocked by Cory Sarich.
2:57 of 3rd period - Puck is out of play.
2:58 of 3rd period - Randy Robitaille wins face-off versus Mike Richards in Kings zone.
3:04 of 3rd period - Penalty to Matt Duchene is over, Matt Duchene is back on ice.
3:13 of 3rd period - Slapshot by Zdeno Chara.
3:13 of 3rd period - Stopped by Jonathan Quick with a rebound.
3:15 of 3rd period - Snap shot by Zdeno Chara.
3:15 of 3rd period - Stopped by Jonathan Quick with a rebound.
3:17 of 3rd period - Snap shot by Randy Robitaille.
3:17 of 3rd period - Stopped by Jonathan Quick with a rebound.
3:19 of 3rd period - Snap shot by Matt Duchene.
3:19 of 3rd period - Stopped by Jonathan Quick without a rebound.
3:20 of 3rd period - Matt Duchene wins face-off versus Shawn Horcoff in Red Wings zone.
3:31 of 3rd period - Snap shot by Shawn Horcoff.
3:31 of 3rd period - Goal by Shawn Horcoff - Red Wings : 3 - Kings : 2.
3:32 of 3rd period - Anze Kopitar wins face-off versus Mike Richards in neutral zone.
4:02 of 3rd period - Off-side.
4:03 of 3rd period - Shawn Horcoff wins face-off versus Viktor Kozlov in neutral zone.
4:06 of 3rd period - Pernell Karl Subban is hit by Shawn Horcoff and loses puck.
4:13 of 3rd period - Wrist shot by Shawn Horcoff.
4:13 of 3rd period - Stopped by Nikolai Khabibulin with a rebound.
4:27 of 3rd period - Snap shot by Jonas Hoglund.
4:27 of 3rd period - Deflect By Martin Havlat.
4:27 of 3rd period - Shot Misses the Net.
4:27 of 3rd period - Puck is out of play.
4:28 of 3rd period - Anze Kopitar wins face-off versus Jason Spezza in Red Wings zone.
4:43 of 3rd period - Wrist shot by Anze Kopitar.
4:43 of 3rd period - Shot Blocked by Christian Backman.
5:42 of 3rd period - Paul Martin is hit by Randy Robitaille and loses puck.
5:49 of 3rd period - Wrist shot by Brent Burns.
5:49 of 3rd period - Shot Blocked by Shea Weber.
5:59 of 3rd period - Snap shot by Jonas Hoglund.
5:59 of 3rd period - Stopped by Jonathan Quick with a rebound.
6:46 of 3rd period - Snap shot by Martin Havlat.
6:46 of 3rd period - Shot Misses the Net.
7:02 of 3rd period - Randy Robitaille is hit by Paul Martin and loses puck.
7:21 of 3rd period - Wrist shot by Jonas Hoglund.
7:21 of 3rd period - Shot Misses the Net.
8:23 of 3rd period - Jonas Hoglund is hit by Martin Havlat and loses puck.
9:06 of 3rd period - Slapshot by Brent Burns.
9:06 of 3rd period - Stopped by Jonathan Quick without a rebound.
9:07 of 3rd period - Mike Richards wins face-off versus Anze Kopitar in Red Wings zone.
9:16 of 3rd period - Snap shot by Sean Bergenheim.
9:16 of 3rd period - Shot Blocked by Brenden Morrow.
9:18 of 3rd period - Snap shot by Teemu Selanne.
9:18 of 3rd period - Shot Misses the Net.
9:20 of 3rd period - Snap shot by Mike Richards.
9:20 of 3rd period - Stopped by Nikolai Khabibulin with a rebound.
9:22 of 3rd period - Slapshot by Christian Laflamme.
9:22 of 3rd period - Deflect By Sean Bergenheim.
9:22 of 3rd period - Stopped by Nikolai Khabibulin without a rebound.
9:23 of 3rd period - Shawn Horcoff wins face-off versus Matt Duchene in Kings zone.
9:26 of 3rd period - Slapshot by Robert Dome.
9:26 of 3rd period - Shot Blocked by Ryan Whitney.
9:41 of 3rd period - Icing by Robert Dome.
9:42 of 3rd period - Anze Kopitar wins face-off versus Shawn Horcoff in Red Wings zone.
9:49 of 3rd period - Snap shot by Joe Pavelski.
9:49 of 3rd period - Shot Blocked by Robert Dome.
9:57 of 3rd period - Snap shot by Joe Pavelski.
9:57 of 3rd period - Shot Blocked by Christian Backman.
10:11 of 3rd period - Wrist shot by Mike Richards.
10:11 of 3rd period - Stopped by Nikolai Khabibulin with a rebound.
10:13 of 3rd period - Snap shot by Mike Richards.
10:13 of 3rd period - Stopped by Nikolai Khabibulin with a rebound.
10:15 of 3rd period - Wrist shot by Christian Backman.
10:15 of 3rd period - Stopped by Nikolai Khabibulin without a rebound.
10:16 of 3rd period - Mike Richards wins face-off versus Anze Kopitar in Kings zone.
10:25 of 3rd period - Teemu Selanne is hit by Brian Pothier and loses puck.
10:30 of 3rd period - Wrist shot by Anze Kopitar.
10:30 of 3rd period - Shot Blocked by Mike Richards.
10:32 of 3rd period - Wrist shot by Joe Pavelski.
10:32 of 3rd period - Shot Hit the Post.
11:26 of 3rd period - Pernell Karl Subban is hit by Richard Jackman and loses puck.
17:27 of 3rd period - Icing by Ryan Whitney.
17:28 of 3rd period - Anze Kopitar wins face-off versus Shawn Horcoff in Kings zone.
19:12 of 3rd period - Kings, Nikolai Khabibulin is pulled from the net.
19:22 of 3rd period - Wrist shot by Rick Nash.
19:22 of 3rd period - Goal by Rick Nash - Red Wings : 4 - Kings : 2.
19:22 of 3rd period - Nikolai Khabibulin from Kings was sent back in the game.
19:23 of 3rd period - Anze Kopitar wins face-off versus Jason Spezza in neutral zone.
19:42 of 3rd period - Snap shot by Mikkel Boedker.
19:42 of 3rd period - Shot Hit the Post.
19:48 of 3rd period - Christian Backman is hit by Viktor Kozlov and loses puck.
Goals for this period are 2 for Red Wings vs 0 for Kings.
Shots for this period are 9 for Red Wings vs 6 for Kings.
Output by the SimonT Hockey Simulator (STHS) for François Prévost -- Original Page W3C XHTML 1.0 Valid